 Dungeon Crawl Stone Soup version 0.30-a0-900-g23479c02f2 (webtiles) character file.

Game seed: 753748501010537941

1466 holysushi the Zephyrmancer (level 8, -1/75 HPs)
             Began as an Octopode Air Elementalist on Mar 19, 2023.
             Slain by a sky beast (5 damage)
             ... on level 7 of the Dungeon.
             The game lasted 00:16:51 (7331 turns).

holysushi the Zephyrmancer (OpAE)                   Turns: 7331, Time: 00:16:52

Health: -1/75      AC: 24    Str:  8    XL:     8   Next: 77%
Magic:  7/14       EV:  2    Int: 19    God:
Gold:   405        SH:  0    Dex: 12    Spells: 5/15 levels left

rFire   + . .      SeeInvis .    y - +4 quarterstaff
rCold   . . .      Faith    .    (shield currently unavailable)
rNeg    + . .      Spirit   .    o - melded +0 hat
rPois   +          Reflect  .    (no amulet)
rElec   .          Rampage  .    j - ring of wizardry
rCorr   .          NoTele   +    k - ring of positive energy
Will    .....                    w - ring of protection from fire
Stlth   ++                       (no ring)
HPRegen 0.32/turn                (no ring)
MPRegen 0.14/turn                (no ring)
                                 (no ring)
                                 (no ring)

@: tree-form
A: stationary, stasis, torment immunity, boosted hp, almost no armour,
(amphibious), 8 rings, (camouflage 1), (gelatinous body 1), (nimble swimmer 1),
(tentacles)
a: no special abilities


You were on level 7 of the Dungeon.
You were a tree.
You visited 1 branch of the dungeon, and saw 7 of its levels.

You collected 405 gold pieces.

Inventory:

Hand Weapons
 y - a +4 quarterstaff (weapon)
Armour
 o - a +0 hat (melded)
 r - a +0 kite shield
Jewellery
 j - a ring of wizardry (left branch)
 k - a ring of positive energy (right branch)
 w - a ring of protection from fire (on tentacle)
 A - a ring of flight
 C - an amulet of magic regeneration
Wands
 D - a wand of iceblast (7)
Scrolls
 b - 4 scrolls of noise {unknown}
 d - 3 scrolls of poison {unknown}
 e - a scroll of enchant armour {unknown}
 h - 2 scrolls of fear {unknown}
 l - 2 scrolls of vulnerability {unknown}
 m - a scroll of summoning {unknown}
 n - a scroll of fog {unknown}
 q - a scroll of silence {unknown}
 s - 2 scrolls of blinking {unknown}
 t - a scroll of teleportation {unknown}
 v - 3 scrolls of identify {unknown}
 F - a scroll of enchant weapon {unknown}
 I - a scroll of torment {unknown}
 K - a scroll of amnesia {unknown}
Potions
 a - a potion of magic
 c - 2 potions of haste {unknown}
 g - a potion of resistance {unknown}
 i - 3 potions of brilliance {unknown}
 p - 2 potions of attraction {unknown}
 u - 2 potions of lignification
 x - 2 potions of mutation {unknown}
 z - a potion of flight {unknown}
 B - 2 potions of invisibility {unknown}
 E - a potion of might {unknown}
 G - a potion of ambrosia {unknown}
 H - 2 potions of heal wounds {unknown}
 J - a potion of berserk rage {unknown}


   Skills:
 + Level 1.8 Fighting
 - Level 2.0 Dodging
 - Level 2.6 Stealth
 + Level 4.3 Spellcasting
 - Level 1.0 Conjurations
 - Level 10.0 Air Magic


You had 5 spell levels left.
You knew the following spells:

 Your Spells              Type           Power      Damage    Failure   Level
a - Shock                 Conj/Air       100%       1d9       1%          1
b - Static Discharge      Conj/Air       50%        2-5/arc   1%          2
c - Swiftness             Air            42%        N/A       1%          3
d - Airstrike             Air            21%        2d(3-19)  1%          4

Your spell library contained the following spells:

 Spells                   Type           Power      Damage    Failure   Level
 Stone Arrow              Conj/Erth      12%        3d7       13%         3
 Lehudib's Crystal Spear  Conj/Erth      3%         10d2      100%        8
 Animate Armour           Summ/Erth      Unusable   N/A       N/A         4

Dungeon Overview and Level Annotations

Branches:
Dungeon (7/15) Zot: 26862  Temple (0/1) D:6

Altars:
Elyvilon

Annotations:
D:4 3 runed translucent doors, Nabski's ghost, amateur TeFE


Innate Abilities, Weirdness & Mutations

You are a tree.
Your roots penetrate the ground, keeping you stationary.
You cannot be teleported.
You are immune to unholy pain and torment.
Your maximum health is greatly increased.
You cannot wear most types of armour.
((You are amphibious.))
You can wear up to eight rings at the same time.
((Your skin changes colour to match your surroundings (Stealth+).))
((Your rubbery body absorbs attacks. (AC +1, EV +1)))
((You are camouflaged when in or above water. (Stealth+)))
((You have tentacles for arms and can constrict up to eight enemies at once.))


Message History

Magic courses through your body.
Casting: Airstrike (dangerous; 1% risk of failure)
Confirm with . or Enter, or press ? or * to list all spells.
Aiming: Airstrike (dangerous; 1% risk of failure)
Press: ? - help, Dir - move target, f/p - steam dragon
Aim: a steam dragon (severely wounded, empty space bonus: 6/8)
The air twists around and strikes the steam dragon!
You kill the steam dragon!
Your Fighting skill increases to level 1!
Your Spellcasting skill increases to level 4!
Something hits you. Something shocks you. Something hits you.
Something shocks you. Something hits you. Something shocks you.
A sky beast appears from thin air!
Reactivating autopickup.
The sky beast attacks as you move away! The sky beast hits you.
The sky beast shocks you.
The sky beast flickers out of sight!
Deactivating autopickup; reactivate with Ctrl-A.
Something hits you. Something shocks you.
* * * LOW HITPOINT WARNING * * *
Casting: Airstrike (dangerous; 1% risk of failure)
Confirm with . or Enter, or press ? or * to list all spells.
Aiming: Airstrike (dangerous; 1% risk of failure)
Press: ? - help, Dir - move target The air twists around and strikes something!!
Something hits you.
* * * LOW HITPOINT WARNING * * *
Something shocks you.
* * * LOW HITPOINT WARNING * * *
It was a potion of lignification.
You turn into a tree.
Your +0 hat melds into your body.
Your roots penetrate the ground.
A sky beast appears from thin air!
Reactivating autopickup.
The sky beast hits you but does no damage.
You hit the sky beast but do no damage.
The sky beast is severely wounded.
The sky beast hits you.
* * * LOW HITPOINT WARNING * * *
The sky beast shocks you.
You die...

##......†..##
#........##
##......##
##....## ##.#.# #
###.## .#
####...# ..
###...Y..# ..#
####....♣...# ...
####.......###.#
...###.....######
#.# ##...[..####
#.. ...<#####
#..# .#### #...
.#


You could see a sky beast.

Vanquished Creatures
  Sigmund (D:5)
  A steam dragon (D:7)
  2 ogres
  2 phantoms
  Blork the orc (D:5)
  2 bullfrogs (D:6)
  A scorpion (D:6)
  The ghost of SirDiesAlot the Poker, a weakling DsGl of Gozag (D:3)
  A howler monkey (D:5)
  A jelly (D:4)
  2 orc priests
  2 iguanas
  Natasha (twice) (D:2)
  Terence (D:2)
  3 orc wizards
  4 gnolls (D:3)
  9 adders
  An ufetubus (D:4)
  A worm (D:3)
  A dart slug (D:5)
  19 orcs
  4 bats
  7 endoplasms
  2 giant cockroaches
  4 goblins
  10 hobgoblins
  4 jackals
  7 quokkas
  9 ball pythons
  5 frilled lizards
  6 kobolds
  9 rats
125 creatures vanquished.

Vanquished Creatures (others)
  8 plants (D:4)
8 creatures vanquished.

Grand Total: 133 creatures vanquished

Notes
Turn   | Place    | Note
-------+----------+-------------------------------------------
     0 | D:1      | holysushi the Octopode Air Elementalist began the quest for
                  | the Orb.
     0 | D:1      | Reached XP level 1. HP: 11/11 MP: 3/3
   365 | D:1      | Reached XP level 2. HP: 17/17 MP: 3/5
   984 | D:1      | Reached XP level 3. HP: 21/21 MP: 5/7
  1068 | D:2      | Found a faded altar of an unknown god.
  1070 | D:2      | Noticed Natasha
  1089 | D:2      | Killed Natasha
  1157 | D:2      | Learned a level 2 spell: Static Discharge
  1161 | D:2      | Learned a level 3 spell: Swiftness
  1305 | D:2      | Reached XP level 4. HP: 27/27 MP: 7/9
  1410 | D:2      | Noticed Terence
  1416 | D:2      | Noticed Natasha
  1445 | D:2      | Killed Terence
  1897 | D:2      | Killed Natasha
  1898 | D:2      | Reached skill level 4 in Air Magic
  1898 | D:2      | Reached XP level 5. HP: 31/31 MP: 6/10
  2478 | D:3      | Noticed SirDiesAlot's ghost (weakling DsGl)
  2481 | D:3      | Found a runed translucent door.
  2755 | D:3      | Reached skill level 5 in Air Magic
  3041 | D:4      | Noticed a phantom
  3046 | D:4      | Noticed an ogre
  3051 | D:4      | Killed a phantom
  3052 | D:4      | Reached XP level 6. HP: 28/36 MP: 5/11
  3116 | D:4      | Reached skill level 6 in Air Magic
  3419 | D:4      | Found a white marble altar of Elyvilon.
  3609 | D:4      | Reached XP level 7. HP: 29/41 MP: 2/12
  3838 | D:4      | Found a runed translucent gate.
  3838 | D:4      | Found a runed translucent gate.
  3840 | D:4      | Found a runed translucent gate.
  3841 | D:4      | Noticed Nabski's ghost (amateur TeFE)
  3844 | D:4      | Identified the +7 sling "Blob" {drain, Dex+3}
  3844 | D:4      | Identified the +0 scale mail of Ebyuxoc {rPois rC+}
  4046 | D:3      | Learned a level 4 spell: Airstrike
  4049 | D:4      | Reached skill level 7 in Air Magic
  4492 | D:3      | Killed SirDiesAlot's ghost
  4749 | D:5      | Entered Level 5 of the Dungeon
  5297 | D:5      | Noticed Blork the orc
  5300 | D:5      | Killed Blork the orc
  5301 | D:5      | Reached skill level 8 in Air Magic
  5846 | D:5      | Noticed Sigmund
  5849 | D:5      | Killed Sigmund
  5850 | D:5      | Reached skill level 9 in Air Magic
  5850 | D:5      | Reached XP level 8. HP: 46/46 MP: 0/13
  6916 | D:6      | Reached skill level 10 in Air Magic
  7052 | D:6      | Found a staircase to the Ecumenical Temple.
  7318 | D:7      | Reached skill level 1 in Fighting
  7331 | D:7      | Slain by a sky beast

Illustrated notes

Levels and vault maps discovered:
D:1:      dpeg_arrival_ratfight, layout_basic
D:2:      layout_loops_ring, nicolae_ecumenical_pavilion, uniq_terence,
          uniq_natasha
D:3:      layout_rooms, hellmonk_ghost_happy_afterlife
D:4:      layout_loops_ring, nicolae_elyvilon_temple_path,
          biasface_ghost_orc_armoury, chequers_serial_rivers_large_a,
          minmay_increasing_density
D:5:      layout_basic, uniq_sigmund, uniq_blork_the_orc
D:6:      layout_basic, minmay_temple_entry_from_below_b, st_stairs_13,
          uniq_grinder
D:7:      layout_cave_pods

Skill      XL: |  1  2  3  4  5  6  7  8 |
---------------+-------------------------+-----
Spellcasting   | 3 4 |  4.3
Air Magic      | 4 5 6 9 10 | 10.0
Fighting       | 1 |  1.8
Dodging        | |  2.0
Stealth        | |  2.6
Conjurations   | |  1.0

Action                     |  1- 3 |  4- 6 |  7- 9 || total
---------------------------+-------+-------+-------++-------
  Melee: Unarmed           |    16 |    17 |       ||    33
         Constrict         |     5 |     3 |     5 ||    13
         Tentacles         |     4 |     3 |     5 ||    12
         Quarterstaff      |       |     3 |    17 ||    20
         Punch             |       |       |     1 ||     1
   Cast: Shock             |    40 |   122 |     5 ||   167
         Static Discharge  |       |     1 |     3 ||     4
         Airstrike         |       |       |    51 ||    51
         Swiftness         |       |       |     1 ||     1
    Use: Potion            |       |       |     3 ||     3
   Stab: Sleeping          |       |     2 |     1 ||     3
 Armour: Skin              |     5 |     4 |     2 ||    11
  Dodge: Dodged            |    48 |    42 |     8 ||    98

Table legend: (Time is in decaauts)
 A = Elapsed time spent in this place.
 B = Non-inter-level travel time spent in this place.
 C = Inter-level travel time spent in this place.
 D = Time resting spent in this place.
 E = Time spent auto-exploring this place.
 F = Levels seen in this place.
 G = Mean time per level.
                   A        B        C        D        E       F      G
               +--------+--------+--------+--------+--------+-----+--------+
         Total |   7344 |   7073 |    271 |   2207 |   3626 |   7 | 1049.1 |
       Dungeon |   7344 |   7073 |    271 |   2207 |   3626 |   7 | 1049.1 |
               +--------+--------+--------+--------+--------+-----+--------+

Top non-repeatable levels by time:
     D:5: 1542 daAuts
     D:4: 1466 daAuts
     D:3: 1182 daAuts
     D:1: 1122 daAuts
     D:2: 980 daAuts
     D:6: 913 daAuts
     D:7: 136 daAuts
